 Dungeon Crawl Stone Soup version 0.22-a0-402-ga933591 (webtiles) character file.

43 iamserjio the Gusty (level 3, -2/24 HPs)
             Began as a Barachi Air Elementalist on May 7, 2018.
             Slain by an adder (5 damage)
             ... on level 2 of the Dungeon.
             The game lasted 00:06:14 (2107 turns).

iamserjio the Gusty (Barachi Air Elementalist)      Turns: 2107, Time: 00:06:15

Health: -2/24      AC:  4    Str:  9    XL:     3   Next: 58%
Magic:  0/7        EV: 12    Int: 16    God:
Gold:   108        SH:  0    Dex: 12    Spells: 4/7 levels left

rFire    . . .     SeeInvis .   f - +0 dagger (elec)
rCold    . . .     Gourm    .   (no shield)
rNeg     . . .     Faith    .   a - +0 robe
rPois    .         Spirit   .   b - +2 hat
rElec    .         Reflect  .   (no cloak)
rCorr    .         Harm     .   (no gloves)
MR       .....                  (no boots)
Stlth    ++........             (no amulet)
HPRegen  0.08/turn              (no ring)
MPRegen  0.10/turn              (no ring)

@: lethally poisoned (-2 -> -5), very slightly contaminated, slow
A: +LOS, swims, slowness 1, strong legs 1
a: Hop


You were on level 2 of the Dungeon.
You were very hungry.

You visited 1 branch of the dungeon, and saw 2 of its levels.

You collected 108 gold pieces.

Inventory:

Hand Weapons
 f - a +0 dagger of electrocution (weapon)
Armour
 a - a +0 robe (worn)
 b - a +2 hat (worn)
Comestibles
 c - 2 rations


   Skills:
 - Level 2.1 Dodging
 - Level 1.7 Stealth
 + Level 2.8 Spellcasting
 + Level 2.1 Conjurations
 * Level 4.0 Air Magic


You had 4 spell levels left.
You knew the following spells:

 Your Spells              Type           Power        Failure   Level  Hunger
a - Shock                 Conj/Air       ##..         5%          1    #......
b - Swiftness             Chrm/Air       #.......     12%         2    ##.....


Dungeon Overview and Level Annotations

Branches:
Dungeon (2/15)

Altars:


Innate Abilities, Weirdness & Mutations

Shadows flee at your approach. (+LOS)
You can swim through water.
You cover ground slowly.
You can hop short distances.


Message History

* * * LOW HITPOINT WARNING * * *
You hit the adder but do no damage.
The adder is severely wounded.
The adder closely misses you. The kobold hits you but does no damage.
The adder bites you.
* * * LOW HITPOINT WARNING * * *
Casting: Shock (safe; 5% risk of failure)
Confirm with . or Enter, or press ? or * to list all spells.
Aiming: Shock (safe; 5% risk of failure)
Press: ? - help, Shift-Dir - straight line, f/p - adder
Aim: an adder (severely wounded)
You miscast Shock.
The wind howls around you!
* * * LOW HITPOINT WARNING * * *
You feel sick. The kobold hits you with a dagger.
* * * LOW HITPOINT WARNING * * *
The adder barely misses you.
You miss the adder.
The adder is heavily wounded.
The adder bites you.
You die...

##.....## #..# #
##..)....## #..######
#.........####........
+.........'...........
#........(#........###
##...).(>##.###.##.#
##.†...###.# #.##.#
##..K## #.# #.##.#
##@## #.# ..##.# ###
#S# #K. .....#
##...##.# ####.#####
#.......# ........)..#
###..........#
#....#...#.#
#.#........# #
#####.####


You could see an adder and a kobold.

Vanquished Creatures
  2 adders (D:2)
  An ooze (D:1)
  3 bats
  A giant cockroach (D:1)
  4 goblins
  2 hobgoblins (D:1)
  5 frilled lizards (D:1)
  3 kobolds
  2 rats (D:1)
23 creatures vanquished.

Notes
Turn   | Place    | Note
-------+----------+-------------------------------------------
     0 | D:1      | iamserjio the Barachi Air Elementalist began the quest for the Orb.
     0 | D:1      | Reached XP level 1. HP: 13/13 MP: 3/3
   975 | D:1      | Reached XP level 2. HP: 19/19 MP: 1/5
  1731 | D:2      | Learned a level 2 spell: Swiftness
  1774 | D:2      | Reached XP level 3. HP: 23/24 MP: 1/7
  2097 | D:2      | Reached skill level 4 in Air Magic
  2107 | D:2      | Slain by an adder

Vault maps used:
D:1:      sevenhm_arrival_forest_fort_small_4, minmay_pentomino_t2
D:2:      grunt_temple_overflow_opulence, lemuel_coloured_pillars_altar,
          first_ration

Skill      XL: |  1  2  3 |
---------------+----------+-----
Conjurations   | 2 |  2.1
Air Magic      | 4 |  4.0
Dodging        | |  2.1
Stealth        | |  1.7
Spellcasting   | |  2.8

Action                   || total
-------------------------++-------
Melee: Dagger            ||    29
 Cast: Shock             ||    42
  Use: Scroll            ||     1
       Potion            ||     1
  Eat: Chunk             ||     3
Armor: Robe              ||    23
Dodge: Dodged            ||    40

Table legend:
 A = Spawn XP
 B = Non-spawn XP
 C = Spawn XP percentage of total XP
 D = Spawn monster count
 E = Non-spawn monster count
 F = Spawn count percentage of total count
 G = Total turns spent on level
                    A         B        C        D         E        F      G
               +---------+---------+-------+---------+---------+-------+---------
         Total |       0 |      62 |   0.0 |       0 |      23 |   0.0 |  2107
               +---------+---------+-------+---------+---------+-------+---------
           D:1 |       0 |      26 |   0.0 |       0 |      15 |   0.0 |  1548
           D:2 |       0 |      36 |   0.0 |       0 |       8 |   0.0 |   559
               +---------+---------+-------+---------+---------+-------+---------
